 Dungeon Crawl Stone Soup version 0.31-a0-1499-ge0622b2318 (webtiles) character file.

Game seed: 9284784197464320426

1886 Atlas the Firebug (level 8, 0/54 HPs)
             Began as a Demonspawn Fire Elementalist on Dec 30, 2023.
             Slain by Maggie
             ... wielding a +2 halberd of flaming
              (6 damage)
             ... on level 6 of the Dungeon.
             The game lasted 00:08:16 (6873 turns).

Atlas the Firebug (Demonspawn Fire Elementalist)    Turns: 6873, Time: 00:08:17

Health: 0/54       AC:  8    Str: 10    XL:     8   Next: 92%
Magic:  5/18       EV: 17    Int: 17    God:
Gold:   204        SH:  0    Dex: 13    Spells: 17/20 levels left

rFire   . . .        s - +3 dagger (flame)
rCold   . . .        (no shield)
rNeg    . . .        q - +0 leather armour
rPois   .            B - +1 helmet
rElec   .            d - +0 cloak
rCorr   .            f - +0 pair of gloves
SInv    .            h - +0 pair of boots
Will    .....        (no amulet)
Stlth   ++           p - +5 ring of evasion
HPRegen 0.29/turn    v - ring of wizardry
MPRegen 0.16/turn

%: wizardry (x1)
@: mesmerised, studying Axes
A: foul stench 2, spiny 1, weakness stinger 1
a: no special abilities


You were on level 6 of the Dungeon.
You visited 1 branch of the dungeon, and saw 6 of its levels.

You collected 204 gold pieces.

Inventory:

Hand Weapons
 s - a +3 dagger of flaming (weapon)
Missiles
 n - 3 throwing nets
Armour
 d - a +0 cloak (worn)
 f - a +0 pair of gloves (worn)
 h - a +0 pair of boots (worn)
 q - a +0 leather armour (worn)
 B - a +1 helmet (worn)
Jewellery
 p - a +5 ring of evasion (left hand)
 u - a +6 ring of dexterity
 v - a ring of wizardry (right hand)
 y - a ring of ice
Wands
 t - a wand of flame (19)
Scrolls
 a - 2 scrolls of summoning {unknown}
 c - 2 scrolls of teleportation {unknown}
 e - a scroll of vulnerability {unknown}
 j - 2 scrolls of identify {unknown}
 l - a scroll of immolation {unknown}
 o - a scroll of poison {unknown}
 x - 2 scrolls of fog {unknown}
 A - a scroll of silence {unknown}
Potions
 b - 2 potions of magic
 g - 3 potions of curing {unknown}
 i - a potion of brilliance {unknown}
 k - a potion of attraction {unknown}
 m - a potion of degeneration {unknown}
 r - 3 potions of mutation {unknown}
 w - a potion of resistance {unknown}
 z - a potion of heal wounds {unknown}


   Skills:
 + Level 1.0 Fighting
 + Level 1.4 Short Blades
 + Level 1.3 Staves
 + Level 2.4 Armour
 + Level 2.4 Dodging
 + Level 2.8 Stealth
 + Level 0.2 Unarmed Combat
 + Level 6.7 Spellcasting
 + Level 2.8 Conjurations
 + Level 6.9 Fire Magic


You had 17 spell levels left.
You knew the following spells:

 Your Spells              Type           Power      Damage    Failure   Level
a - Scorch                Fire           58%        2d7       1%          2
b - Foxfire               Conj/Fire      88%        2x1d8     1%          1

Your spell library contained the following spells:

 Spells                   Type           Power      Damage    Failure   Level
 Inner Flame              Hex/Fire       17%        N/A       4%          3
 Volatile Blastmotes      Fire/Tloc      34%        2d12      4%          3
 Flame Wave               Conj/Fire      22%        2d8       9%          4
 Anguish                  Hex/Necr       2%         N/A       50%         4
 Cause Fear               Hex            2%         N/A       50%         4
 Enfeeble                 Hex            2%         N/A       100%        7


Dungeon Overview and Level Annotations

Branches:
Dungeon (6/15)
 Temple: D:4-7

Altars:
Dithmenos
Sif Muna
Uskayaw

Annotations:
D:6 Maggie


Innate Abilities, Weirdness & Mutations

You sometimes emit foul miasma when damaged in melee.
You are partially covered in sharp spines.
You have a small tail.


Message History

You cannot move away from Maggie!
Okay, then.
The ice beast is struck by your spines.
The ice beast hits you but does no damage.
Maggie misses you.
You hit Maggie. You burn Maggie.
Maggie is heavily wounded.
The ice beast closely misses you.
Maggie hits you with a +2 halberd of flaming!
Maggie burns you.
Unknown command.
You hit Maggie. You burn Maggie. You tail-slap Maggie, but do no damage.
Maggie is severely wounded.
The ice beast closely misses you. Maggie barely misses you.
Casting: Scorch (safe; 1% risk of failure)
Confirm with . or Enter, or press ? or * to list all spells.
Flames lash Maggie.
Maggie is burned terribly!
Maggie is severely wounded.
The ice beast is struck by your spines. The ice beast completely misses you.
Maggie hits you with a +2 halberd of flaming!
Maggie burns you.
Casting: Scorch (safe; 1% risk of failure)
Confirm with . or Enter, or press ? or * to list all spells.
Flames lash the ice beast.
The ice beast melts!
The ice beast is almost dead.
The ice beast misses you.
Maggie smiles, but it's obviously fake.
Maggie casts a spell at you. The bolt of fire misses you.
You hit Maggie but do no damage. You tail-slap Maggie.
Maggie is severely wounded.
The ice beast is struck by your spines.
You kill the ice beast!
Unknown command.
You hit Maggie. You burn Maggie.
Maggie is almost dead.
Maggie hits you with a +2 halberd of flaming!
* * * LOW HITPOINT WARNING * * *
Maggie burns you.
You die...

....# #.........# ##..
...<# #.........# ##...
....# #.........#
###.... ....#
##........# ##......
....# #........#
##....... ....#
#........# #........
....# ##.......###
##........ ....#
#.........###.........
....#
##.#.@@..#.............
...##
#..###..###....#.......
.### ##.## ####
#....######## ## ###@##
##...## # #...# #....#
........## ##<..#
#........ #...#
#......Y.# #...#
#......... #.....


You could see Maggie (mesmerising, combustible).

Vanquished Creatures
  Grinder (D:6)
  Sigmund (D:6)
  A yak (D:4)
  Edmund (D:6)
  A black bear (D:6)
  An ice beast (D:6)
  2 ogres
  3 scorpions
  3 killer bees (D:6)
  2 bombardier beetles
  A hound (D:5)
  Crazy Yiuf (D:3)
  An orc priest (D:4)
  Jessica (D:3)
  An iguana (D:6)
  Terence (D:3)
  5 orc wizards
  7 gnolls
  6 adders
  2 ribbon worms
  3 ufetubi
  A dart slug (D:2)
  17 orcs
  12 endoplasms
  4 giant cockroaches
  10 goblins
  12 hobgoblins
  2 jackals (D:1)
  4 quokkas
  8 ball pythons
  3 bats
  4 frilled lizards
  5 kobolds
  5 rats
132 creatures vanquished.

Vanquished Creatures (others)
  236 foxfires
236 creatures vanquished.

Grand Total: 368 creatures vanquished

Notes
Turn   | Place    | Note
-------+----------+-------------------------------------------
     0 | D:1      | Atlas the Demonspawn Fire Elementalist began the quest for
                  | the Orb.
     0 | D:1      | Reached XP level 1. HP: 13/13 MP: 3/3
   247 | D:1      | Gained mutation: You may rarely emit foul miasma when
                  | damaged in melee. [demonic ancestry]
   247 | D:1      | Reached XP level 2. HP: 19/19 MP: 1/5
   893 | D:1      | Gained mutation: You have a small tail. [demonic ancestry]
   893 | D:1      | Reached XP level 3. HP: 11/24 MP: 1/6
  1128 | D:1      | Learned a level 2 spell: Scorch
  1859 | D:2      | Reached XP level 4. HP: 27/27 MP: 3/8
  2419 | D:3      | Gained mutation: You are partially covered in sharp spines.
                  | [demonic ancestry]
  2419 | D:3      | Reached XP level 5. HP: 35/35 MP: 0/9
  2836 | D:3      | Noticed Terence
  2851 | D:3      | Killed Terence
  2852 | D:3      | Reached skill level 1 in Staves
  3168 | D:3      | Found a runed translucent door.
  3169 | D:3      | Noticed Crazy Yiuf
  3253 | D:3      | Noticed Jessica
  3255 | D:3      | Killed Jessica
  3356 | D:3      | Found a hide-covered altar of Uskayaw.
  3357 | D:3      | Found a shimmering blue altar of Sif Muna.
  3447 | D:3      | Killed Crazy Yiuf
  3448 | D:3      | Reached XP level 6. HP: 26/41 MP: 2/11
  3735 | D:4      | Reached skill level 1 in Armour
  3971 | D:4      | Reached skill level 5 in Fire Magic
  4046 | D:4      | You fall into a shaft and drop 1 floor!
  4046 | D:5      | Entered Level 5 of the Dungeon
  4178 | D:5      | Reached XP level 7. HP: 46/46 MP: 10/13
  4311 | D:5      | Noticed a yak
  4311 | D:5      | Noticed a komodo dragon
  4339 | D:4      | Killed a yak
  4808 | D:5      | Reached skill level 1 in Short Blades
  4949 | D:5      | Found a shadowy altar of Dithmenos.
  5537 | D:6      | Noticed Grinder
  5585 | D:6      | Killed Grinder
  5586 | D:6      | Reached skill level 5 in Spellcasting
  5586 | D:6      | Gained mutation: You sometimes emit foul miasma when
                  | damaged in melee. [demonic ancestry]
  5586 | D:6      | Reached XP level 8. HP: 53/53 MP: 7/15
  6088 | D:6      | Noticed Sigmund
  6106 | D:6      | Killed Sigmund
  6406 | D:6      | Noticed Edmund
  6416 | D:6      | Killed Edmund
  6417 | D:6      | Reached skill level 1 in Fighting
  6849 | D:6      | Noticed Maggie
  6873 | D:6      | Slain by Maggie

Illustrated notes

Levels and vault maps discovered:
D:1:      nzn_arrival_depleted_hourglass, layout_rooms, kennysheep_doodads,
          minmay_pentomino_v2
D:2:      layout_basic, minivault_26, minmay_misc_feat_encased
D:3:      layout_loops_ring, gammafunk_temple_overflow_statue,
          uniq_crazy_yiuf_cottage, uniq_terence, uniq_jessica
D:4:      layout_cave_pools
D:5:      layout_loops_ring, nicolae_dithmenos_the_darkroom,
          chequers_hall_statues_corner_a, nicolae_sextant, minmay_manual_moon
D:6:      layout_cave_pods, uniq_sigmund, uniq_edmund, uniq_grinder, uniq_maggie

Skill      XL: |  1  2  3  4  5  6  7  8 |
---------------+-------------------------+-----
Stealth        | 2 |  2.8
Fire Magic     | 3 4 5 6 |  6.9
Dodging        | 2 |  2.4
Spellcasting   | 3 4 5 6 |  6.7
Staves         | 1 |  1.3
Armour         | 1 2 |  2.4
Short Blades   | 1 |  1.4
Conjurations   | 2 |  2.8
Fighting       | 1 |  1.0
Unarmed Combat | |  0.2

Action                     |  1- 3 |  4- 6 |  7- 9 || total
---------------------------+-------+-------+-------++-------
  Melee: Unarmed           |    20 |       |       ||    20
         Punch             |     1 |       |     1 ||     2
         Staff             |     6 |    30 |       ||    36
         Dagger            |       |    19 |    20 ||    39
         Tailslap          |       |     4 |     7 ||    11
   Cast: Foxfire           |    55 |    30 |    48 ||   133
         Scorch            |    19 |    43 |    54 ||   116
   Stab: Sleeping          |       |       |     1 ||     1
 Armour: Robe              |    33 |     2 |       ||    35
         Leather armour    |       |    25 |    21 ||    46
  Dodge: Dodged            |    35 |    44 |    41 ||   120

Table legend: (Time is in decaauts)
 A = Elapsed time spent in this place.
 B = Non-inter-level travel time spent in this place.
 C = Inter-level travel time spent in this place.
 D = Time resting spent in this place.
 E = Time spent auto-exploring this place.
 F = Levels seen in this place.
 G = Mean time per level.
                   A        B        C        D        E       F      G
               +--------+--------+--------+--------+--------+-----+--------+
         Total |   6877 |   6730 |    147 |    306 |   5465 |   6 | 1146.2 |
       Dungeon |   6877 |   6730 |    147 |    306 |   5465 |   6 | 1146.2 |
               +--------+--------+--------+--------+--------+-----+--------+

Top non-repeatable levels by time:
     D:3: 1443 daAuts
     D:6: 1309 daAuts
     D:1: 1182 daAuts
     D:2: 1181 daAuts
     D:5: 1050 daAuts
     D:4: 708 daAuts
